 Dungeon Crawl Stone Soup version 0.29-a0-1006-g0dd7720b37 (webtiles) character file.

Game seed: 18336053992834394168

100 concernfroge the Trooper (level 4, -1/39 HPs)
             Began as a Mummy Monk on Aug 7, 2022.
             Slain by Pargi (3 damage)
             ... in a sewer.
             The game lasted 00:04:01 (1628 turns).

concernfroge the Trooper (Mummy Monk)               Turns: 1628, Time: 00:04:01

Health: -1/39      AC: 13    Str: 16    XL:     4   Next: 47%
Magic:  4/4        EV:  8    Int: 17    God:
Gold:   141        SH:  7    Dex: 14    Spells: 3/3 levels left

rFire   x . .      SeeInvis .   h - +8 dagger of Irullire {protect, Int+8}
rCold   + . .      Faith    .   c - +0 kite shield
rNeg    + + +      Spirit   .   d - +0 scale mail
rPois   ∞          Reflect  .   (no helmet)
rElec   .          Harm     .   (no cloak)
rCorr   .          Rampage  .   (no gloves)
Will    .....                   (no boots)
Stlth   ..........              (no amulet)
HPRegen 0.13/turn               (no ring)
MPRegen 0.09/turn               (no ring)

@: under a protective aura, very slow
A: cold resistance 1, negative energy resistance 3, torment resistance 2, heat
vulnerability 1, in touch with death 1, no potions
a: no special abilities


You were in a sewer.
You visited 1 branch of the dungeon, and saw 3 of its levels.
You also visited: Sewer.

You collected 141 gold pieces.

Inventory:

Hand Weapons
 a - a +1 spear
 h - the +8 dagger of Irullire (weapon) {protect, Int+8}
   (You found it on level 2 of the Dungeon)

   It grants its wielder temporary protection when it strikes (+7 to AC).
   Int:       It affects your intelligence (+8).
Missiles
 e - 2 poisoned darts (quivered)
Armour
 c - a +0 kite shield (worn)
 d - a +0 scale mail (worn)
Scrolls
 b - 2 scrolls of identify
 f - a scroll of enchant armour
 g - 2 scrolls of fog


   Skills:
 + Level 5.3 Fighting
 - Level 2.4 Polearms
 - Level 2.4 Dodging
 - Level 1.5 Stealth


You had 3 spell levels left.
You didn't know any spells.
Your spell library was empty.

Dungeon Overview and Level Annotations

Branches:
Dungeon (3/15)              Sewer (1/1)

Altars:

Annotations:
Sewer Pargi


Innate Abilities, Weirdness & Mutations

You are immune to poison.
Your flesh is cold resistant. (rC+)
You are immune to negative energy. (rN+++)
You are immune to unholy pain and torment.
You are vulnerable to heat. (rF-)
You are in touch with the powers of death.
You do not drink.


Message History

Pargi is severely wounded.
Pargi bites you but does no damage. Pargi claws you but does no damage.
You block Pargi's attack.
You hit Pargi.
Pargi is severely wounded.
Pargi clenches his claws.
Pargi bites you. Pargi barely misses you. Pargi misses you.
You barely miss Pargi.
Pargi is severely wounded.
Pargi snarls, "Go!
Away!"
Pargi closely misses you. x2; You block Pargi's attack.
Pargi barely misses you. Pargi claws you but does no damage.
Pargi barely misses you.
You closely miss Pargi.
Pargi is severely wounded.
Pargi bites you but does no damage. Pargi claws you but does no damage. x2
Your unstable footing causes you to fumble your attack.
Pargi bites you. Pargi closely misses you. Pargi claws you but does no damage.
You barely miss Pargi.
Pargi is severely wounded.
Pargi bites you.
* * * LOW HITPOINT WARNING * * *
Pargi claws you.
* * * LOW HITPOINT WARNING * * *
You block Pargi's attack.
You closely miss Pargi.
Pargi is heavily wounded.
Pargi closely misses you. You block Pargi's attack. x2
Okay, then.
You aren't carrying any items that you can evoke.
Okay, then.
Your unstable footing causes you to fumble your attack.
Pargi bites you!
* * * LOW HITPOINT WARNING * * *
Pargi claws you but does no damage. x2; You block Pargi's attack.
Pargi closely misses you. Pargi barely misses you.
You hit Pargi.
Your weapon exudes an aura of protection.
Pargi is heavily wounded.
Pargi bites you but does no damage. Pargi claws you.
You die...

~~~~~~~~~~~~~~~~~~**
~~~~~~~~~≈≈≈≈≈≈≈≈≈≈##
~~~~~~~~~≈≈≈≈≈≈≈≈≈≈≈###
~~~~~~~~~≈≈≈≈≈≈≈≈≈≈≈≈≈##
~~~~~~~~~≈≈≈≈≈≈≈≈≈≈≈≈≈≈#
~~~~~~~~,~~≈≈≈≈≈≈≈≈≈≈≈≈###
~~~~~~~**#.~~≈≈≈≈≈≈≈≈≈≈≈≈###
~~~~,*,* **,#(~≈≈≈≈≈≈≈≈≈≈≈≈#
~~~~,*** ***#(T@≈≈≈≈≈≈≈≈≈≈#
~~*,** ####~~≈≈≈≈≈≈≈≈#**
~**** ###~≈≈≈≈≈≈≈≈~* .*
##~≈≈≈≈≈≈≈~* .* #§≈≈≈≈≈≈≈≈*
~* ##### #†≈≈≈≈≈≈≈#* ~###
#!!!#######~≈≈≈≈≈≈≈≈* ≈~.#
#.∩~~..~.~~≈≈≈≈≈≈≈≈#* ≈≈∩#
#!..#######.≈≈≈≈≈≈≈≈*


You could see Pargi.

Vanquished Creatures
  Jessica (D:2)
  2 adders
  A dart slug (D:2)
  6 ball pythons
  2 endoplasms
  4 giant cockroaches (D:3)
  3 goblins
  A hobgoblin (D:2)
  4 jackals (D:2)
  7 kobolds
  5 quokkas
  8 bats
  8 frilled lizards
  3 rats (D:2)
55 creatures vanquished.

Notes
Turn   | Place    | Note
-------+----------+-------------------------------------------
     0 | D:1      | concernfroge the Mummy Monk began the quest for the Orb.
     0 | D:1      | Reached XP level 1. HP: 18/18 MP: 1/1
   168 | D:1      | Reached XP level 2. HP: 24/24 MP: 2/2
   510 | D:1      | Reached skill level 4 in Fighting
   682 | D:2      | Gained mutation: You are in touch with the powers of death.
                  | [Mummy growth]
   682 | D:2      | Reached XP level 3. HP: 12/30 MP: 3/3
   682 | D:2      | Identified the +8 dagger of Irullire {protect, Int+8}
   976 | D:2      | Found Yholyug's Antique Weapon Shoppe.
  1176 | D:2      | Found a faded altar of an unknown god.
  1330 | D:2      | Noticed Jessica
  1335 | D:2      | Killed Jessica
  1336 | D:2      | Reached skill level 5 in Fighting
  1336 | D:2      | Reached XP level 4. HP: 39/39 MP: 4/4
  1469 | D:3      | Found a glowing drain.
  1495 | Sewer    | Entered a sewer
  1586 | Sewer    | Noticed Pargi
  1628 | Sewer    | Slain by Pargi

Illustrated notes

Levels and vault maps discovered:
D:1:      amcnicky_arrival_wind_blow, layout_rooms, serial_bayou_pond_a
D:2:      layout_rooms, basic_ecumenical_altar, serial_shops,
          nicolae_shop_hallway_plus, kennysheep_jessica_study
D:3:      layout_basic, gup_sewer_entry_glass, chequers_serial_rivers_large_a
Sewer:    sewer_co_pargi_island

Skill      XL: |  1  2  3 |
---------------+----------+-----
Fighting       | 4 5 |  5.3
Polearms       | |  2.4
Dodging        | |  2.4
Stealth        | |  1.5

Action                   |  1- 3 |  4- 6 || total
-------------------------+-------+-------++-------
Melee: Spear             |   106 |       ||   106
       Dagger            |    30 |    60 ||    90
Throw: Dart              |       |     2 ||     2
  Use: Scroll            |       |     7 ||     7
Armor: Scale mail        |    68 |    58 ||   126
Dodge: Dodged            |    31 |    39 ||    70
Block: Kite shield       |    51 |    28 ||    79

Table legend: (Time is in decaauts)
 A = Elapsed time spent in this place.
 B = Non-inter-level travel time spent in this place.
 C = Inter-level travel time spent in this place.
 D = Time resting spent in this place.
 E = Time spent auto-exploring this place.
 F = Levels seen in this place.
 G = Mean time per level.
                   A        B        C        D        E       F      G
               +--------+--------+--------+--------+--------+-----+--------+
         Total |   1685 |   1630 |     55 |    156 |   1059 |   4 |  421.2 |
       Dungeon |   1525 |   1470 |     55 |    156 |    998 |   3 |  508.3 |
         Sewer |    159 |    159 |      0 |      0 |     61 |   1 |  159.0 |
               +--------+--------+--------+--------+--------+-----+--------+

Top non-repeatable levels by time:
     D:1: 808 daAuts
     D:2: 632 daAuts
   Sewer: 159 daAuts
     D:3: 85 daAuts
